Map: Rhoskallian LE

Players

RoadKill

  • Race: Protoss Protoss
  • Spawn Location: 5:00

AteBitHavoc

  • Race: Terran Terran
  • League: Platinum
  • Spawn Location: 6:00

Massa

  • Race: Terran Terran
  • League: Gold
  • Spawn Location: 12:00

qqq

  • Race: Protoss Protoss
  • Spawn Location: 11:00

VOD

Have the link to the VOD?

Description

Time

  • Played on: July 18, 2020, 11:12 a.m.
  • Length: 13:18
Show
View Real Time Build Order
Export as new Build Order

RoadKill Protoss 

Build Orders: Oracle Opening 

Get SALT Encoding   

  12  0:01  Probe  
  13  0:13  Probe  
  14  0:20  Pylon  
  14  0:25  Probe  
  15  0:35  Probe  
  15  0:41  Gateway  
  16  0:43  Probe  
  17  0:53  Probe  
  18  1:10  Probe, Assimilator  
  19  1:20  Pylon  
  19  1:22  Probe  
  19  1:25  Gateway  
  19  1:34  Cybernetics Core  
  19  1:35  Probe  
  20  1:44  Assimilator  
  20  1:46  Probe  
  21  1:51  Zealot  
  23  1:54  Probe  
  24  2:02  Probe  
  25  2:15  Stalker  
  25  2:17  Probe  
  28  2:30  Probe  
  29  2:39  Stargate  
  29  2:42  Probe  
  30  2:50  Nexus  
  30  2:53  Warp Gate  
  30  2:54  Probe  
  31  3:12  Pylon  
  31  3:16  Pylon  
  31  3:20  Oracle  
  31  3:33  Stalker  
  31  3:34  Stalker  
  38  3:37  Probe  
  39  3:44  Shield Battery  
  39  3:49  Probe  
  39  3:54  Forge  
  40  4:01  Probe  
  41  4:07  Probe  
  42  4:13  Probe  
  42  4:14  Pylon  
  43  4:19  Probe, Twilight Council  
  44  4:45  Void Ray  
  48  4:46  Protoss Ground Weapons Level 1  
  48  4:49  Robotics Facility  
  48  4:51  Assimilator  
  48  4:54  Probe  
  48  4:55  Probe  
  48  4:56  Pylon  
  48  4:57  Assimilator  
  50  5:06  Probe  
  51  5:12  Probe  
  52  5:17  Blink  
  52  5:21  Probe  
  53  5:30  Stalker  
  55  5:55  Stalker x2  
  56  5:57  Probe x2  
  58  6:04  Robotics Bay  
  58  6:05  Shield Battery  
  58  6:07  Shield Battery, Robotics Facility  
  58  6:12  Observer  
  58  6:13  Probe x2  
  62  6:25  Probe  
  62  6:26  Zealot x2  
  62  6:27  Probe  
  62  6:31  Nexus  
  64  7:15  Photon Cannon  
  64  7:17  Photon Cannon  
  64  7:21  Photon Cannon  
  64  7:25  Photon Cannon  
  64  7:30  Dark Shrine  
  64  7:31  Protoss Ground Weapons Level 2, Forge  
  64  7:42  Fleet Beacon  
  64  7:43  Probe  
  65  7:45  Probe  
  65  7:47  Probe  
  67  7:55  Probe  
  67  7:58  Gravitic Boosters  
  68  8:00  Disruptor  
  71  8:07  Probe x2  
  71  8:10  Stargate, Protoss Ground Armor Level 1  
  73  8:28  Protoss Air Weapons Level 1  
  73  8:39  Pylon  
  73  8:43  Pylon  
  73  8:56  Tempest  
  78  9:07  Tempest  
  83  9:17  Probe x2  
  85  9:20  Probe, Assimilator  
  85  9:22  Disruptor, Assimilator  
  85  9:23  Disruptor  
  92  9:33  Shield Battery  
  92  9:36  Shield Battery  
  92  9:39  Tempest, Stalker x2  
  92  9:45  Nexus  
  101  9:48  Pylon  
  101  9:51  Pylon  
  101  9:58  Probe x2  
  101  9:59  Probe  
  104  10:06  Pylon  
  104  10:07  Pylon  
  104  10:09  Photon Cannon  
  104  10:10  Probe  
  104  10:12  Pylon  
  105  10:15  Pylon  
  105  10:17  Photon Cannon  
  105  10:20  Probe  
  105  10:21  Probe  
  107  10:22  Probe  
  108  10:37  Protoss Air Armor Level 1  
  108  10:41  Tempest, Photon Cannon  
  113  10:43  Photon Cannon  
  113  11:18  Tempest  
  113  11:24  Tempest  
  119  12:00  Dark Templar x2  
  121  12:05  Gateway  
  121  12:07  Gateway  
  121  12:09  Gateway  
  121  12:12  Gateway  
  121  12:13  Tempest x2  
  121  12:14  Gateway  
Show
View Real Time Build Order
Export as new Build Order

AteBitHavoc Terran 

Build Orders:  

Get SALT Encoding   

  12  0:01  SCV  
  13  0:13  SCV  
  14  0:19  Supply Depot  
  14  0:26  Refinery  
  14  0:29  SCV  
  15  0:41  SCV  
  16  0:46  Barracks  
  16  0:54  SCV  
  17  1:03  Barracks  
  17  1:09  SCV  
  18  1:16  Refinery  
  18  1:21  SCV  
  19  1:34  Reaper  
  19  1:37  Orbital Command  
  20  1:50  Reaper  
  21  1:55  Supply Depot  
  21  2:03  SCV  
  22  2:09  Barracks Tech Lab  
  22  2:15  SCV  
  23  2:22  Factory  
  23  2:24  Barracks Reactor  
  23  2:30  SCV  
  23  2:31  Marine  
  23  2:32  Stimpack  
  25  2:42  SCV  
  26  2:47  Supply Depot  
  26  2:51  Marine  
  27  3:24  Marine x3  
  27  3:25  Factory Tech Lab  
  30  3:27  Starport  
  30  3:42  Marine  
  30  3:43  Marine x2  
  30  3:44  Siege Tank  
  30  3:45  SCV  
  37  3:49  Supply Depot  
  37  4:09  Marine x2  
  39  4:10  Marine  
  39  4:13  SCV  
  39  4:14  Supply Depot  
  41  4:24  Engineering Bay, Siege Tank  
  44  4:33  SCV  
  45  4:41  Barracks Reactor  
  45  4:44  Marine  
  46  4:45  Medivac x2  
  46  4:50  Supply Depot  
  46  4:52  SCV  
  51  4:53  Supply Depot  
  51  4:56  Terran Infantry Weapons Level 1  
  51  4:59  Widow Mine  
  53  5:07  Marine  
  53  5:12  Missile Turret  
  53  5:14  SCV  
  55  5:18  Marine x2  
  57  5:45  Marine x3, Siege Tank  
  63  5:56  SCV  
  64  5:59  Command Center  
  64  6:03  Medivac x2  
  68  6:12  Marine x3  
  71  6:41  Marine  
  71  6:43  Marine  
  71  6:45  SCV  
  71  6:46  Marine  
  70  6:47  Medivac  
  70  6:49  Siege Tank  
  62  6:59  Marine  
  63  7:02  SCV  
  63  7:05  Missile Turret  
  63  7:08  Marine x2  
  66  7:09  Medivac  
  68  7:24  Orbital Command  
  68  7:30  Missile Turret  
  68  7:31  SCV  
  68  7:35  Missile Turret  
  69  7:43  Marine  
  69  7:44  Marine x2  
  70  7:46  Armory  
  70  7:50  SCV x2  
  74  7:58  Barracks  
  74  8:03  Medivac, Siege Tank  
  79  8:10  Refinery x2  
  79  8:11  Marine x2  
  81  8:13  SCV x2  
  80  8:48  Viking x2  
  84  8:49  Engineering Bay  
  80  8:58  Barracks Reactor  
  74  9:17  SCV x2  
  74  9:18  Armory  
  74  9:20  Marine x3  
  74  9:21  Widow Mine  
  74  9:22  Medivac x2  
  85  9:26  Supply Depot  
  85  9:27  Supply Depot  
  85  9:30  Command Center  
  85  9:33  SCV  
  85  9:37  Missile Turret  
  86  9:38  Missile Turret  
  86  9:47  SCV, Marine x4, Missile Turret  
  91  9:56  Siege Tank  
  91  9:57  SCV  
  95  10:12  Marine x4  
  99  10:14  SCV x2  
  99  10:17  Armory  
  99  10:19  Terran Vehicle Weapons Level 1  
  99  10:20  Terran Infantry Armor Level 1  
  101  10:40  Marine  
  101  10:42  Marine x4, Medivac x2, Siege Tank  
  112  11:16  Marine x4  
  112  11:17  Marine  
  117  11:40  Medivac  
  117  11:43  Siege Tank  
  115  12:13  Marine x2  
  117  12:29  Marine  
  117  13:00  Marine x2  
Show
View Real Time Build Order
Export as new Build Order

Massa Terran 

Build Orders: 1/1/1 

Get SALT Encoding   

  12  0:02  SCV  
  13  0:17  Supply Depot  
  13  0:18  SCV  
  14  0:30  SCV  
  14  0:32  Refinery  
  15  0:43  Barracks  
  15  0:47  SCV  
  16  1:09  SCV  
  17  1:21  Refinery, SCV  
  18  1:33  Marine  
  18  1:36  Factory  
  19  1:45  Orbital Command  
  19  1:57  Marine  
  20  2:15  Marine  
  21  2:19  Supply Depot  
  21  2:21  Starport  
  21  2:23  Factory Tech Lab  
  21  2:29  SCV  
  22  2:32  Marine  
  23  2:41  SCV  
  24  3:00  Fusion Core  
  20  3:21  Supply Depot  
  20  3:24  SCV  
  19  3:31  Starport Tech Lab  
  17  3:36  SCV  
  17  3:50  Supply Depot  
  17  4:09  SCV  
  18  4:18  Command Center  
  18  4:21  SCV  
  18  4:33  SCV  
  18  4:45  SCV  
  18  4:57  SCV  
  18  4:59  Battlecruiser  
  25  5:19  Engineering Bay  
  25  5:30  SCV  
  26  5:42  SCV  
  25  5:59  Missile Turret  
  25  6:11  Battlecruiser  
  31  6:13  SCV x2  
  34  6:25  SCV x2  
  22  6:41  Orbital Command  
  15  7:04  SCV  
  17  7:08  SCV  
  17  7:16  SCV  
  17  7:20  SCV  
  20  7:32  SCV  
  20  7:36  Orbital Command  
  20  7:51  SCV  
  21  8:03  SCV  
  22  8:10  Marine  
  23  8:15  SCV  
  24  8:28  SCV, Marine  
  26  8:38  SCV  
  26  8:40  SCV  
  28  8:46  Marine  
  29  8:51  SCV  
  29  8:52  SCV  
  31  9:03  SCV  
  31  9:04  Marine  
  33  9:18  SCV x2  
  33  9:21  Marine  
  36  9:27  Widow Mine  
  36  9:30  SCV x2  
  40  9:42  SCV x2  
  42  9:49  Widow Mine  
  44  9:54  SCV x2  
  46  10:06  SCV x2  
  48  10:08  Barracks Tech Lab  
  48  10:10  Widow Mine  
  48  10:13  Medivac  
  52  10:18  SCV  
  52  10:19  SCV  
  54  10:30  Command Center  
  54  10:32  Command Center  
  54  11:09  Missile Turret  
  54  11:10  SCV x2  
  50  11:15  Siege Tank  
  53  11:22  SCV  
  54  11:30  Missile Turret  
  54  11:31  Supply Depot  
  54  11:32  Supply Depot  
  54  11:39  Armory  
  54  11:42  SCV, Marauder  
  54  11:45  Engineering Bay  
  57  11:49  Missile Turret  
  57  11:56  Supply Depot  
  57  11:57  Refinery  
  57  11:59  Supply Depot  
  57  12:03  Refinery  
  57  12:04  SCV, Marauder  
  57  12:05  SCV  
  61  12:14  Barracks  
  59  12:16  SCV  
  59  12:17  SCV  
  59  12:21  Supply Depot  
  61  12:25  Marauder  
  61  12:28  SCV  
  61  12:29  SCV, Banshee  
  67  12:32  Siege Tank  
  69  12:46  Marauder  
  69  12:49  Orbital Command  
Show
View Real Time Build Order
Export as new Build Order

qqq Protoss 

Build Orders: 1 Gate Expand 

Get SALT Encoding   

  12  0:03  Probe  
  13  0:17  Pylon  
  13  0:30  Probe  
  13  0:32  Pylon  
  14  0:45  Probe  
  15  0:51  Gateway  
  15  0:57  Probe  
  16  1:09  Probe  
  17  1:11  Assimilator  
  17  1:15  Assimilator  
  17  1:38  Nexus  
  17  1:45  Pylon  
  17  1:51  Probe  
  18  2:02  Cybernetics Core  
  18  2:03  Probe  
  19  2:15  Zealot  
  21  2:19  Probe  
  22  2:31  Probe  
  23  2:38  Gateway  
  23  2:43  Probe  
  24  2:49  Stalker  
  26  2:55  Probe  
  27  2:59  Probe  
  28  3:19  Stalker  
  30  3:27  Stalker  
  32  3:47  Probe  
  33  3:49  Stalker  
  33  3:55  Probe  
  35  3:57  Stalker  
  38  4:03  Probe  
  38  4:06  Robotics Facility  
  38  4:08  Twilight Council  
  39  4:13  Probe  
  40  4:19  Sentry  
  42  4:25  Probe  
  42  4:27  Stalker  
  45  4:37  Probe  
  46  4:39  Stargate  
  46  4:45  Stalker  
  48  4:56  Immortal  
  48  4:57  Probe  
  53  5:05  Forge  
  53  5:09  Probe  
  53  5:11  Pylon  
  54  5:29  Probe, Phoenix  
  54  5:30  Pylon, Stalker  
  54  5:31  Stalker  
  61  5:41  Probe  
  61  5:53  Probe  
  61  5:56  Phoenix  
  63  6:03  Assimilator  
  63  6:05  Probe, Assimilator  
  64  6:16  Nexus  
  64  6:17  Probe  
  65  6:20  Stalker  
  65  6:22  Zealot  
  69  6:29  Probe  
  70  6:40  Dark Shrine  
  70  6:48  Probe  
  69  7:07  Pylon  
  69  7:09  Pylon  
  69  7:21  Phoenix  
  67  7:25  Immortal  
  67  7:29  Probe  
  72  7:34  Pylon  
  66  7:41  Probe  
  66  7:42  Stalker  
  67  7:49  Pylon  
  67  7:50  Probe  
  68  7:53  Probe  
  68  7:56  Pylon  
  68  7:57  Dark Templar  
  71  8:02  Probe, Pylon  
  71  8:04  Immortal  
  76  8:05  Probe  
  76  8:12  Dark Templar  
  79  8:14  Probe  
  79  8:17  Probe  
  79  8:18  Photon Cannon  
  81  8:21  Photon Cannon  
  81  8:26  Probe  
  82  8:30  Probe  
  79  8:36  Zealot  
  79  8:38  Probe  
  82  8:44  Phoenix  
  84  8:51  Zealot  
  82  8:59  Immortal  
  86  9:03  Dark Templar  
  86  9:06  Probe  
  86  9:09  Phoenix, Assimilator  
  91  9:12  Assimilator  
  91  9:18  Probe, Stalker  
  91  9:23  Pylon  
  94  9:30  Probe  
  93  9:34  Phoenix  
  95  9:39  Observer  
  95  9:42  Probe, Stalker  
  99  9:48  Stalker  
  101  9:54  Probe  
  102  10:00  Immortal  
  102  10:02  Stargate  
  102  10:06  Probe  
  107  10:12  Stalker  
  109  10:16  Fleet Beacon  
  109  10:18  Probe, Void Ray, Stalker  
  116  10:30  Probe  
  117  10:42  Probe, Stalker  
  118  10:48  Immortal  
  122  10:50  Phoenix  
  122  10:54  Probe  
  125  11:01  Phoenix  
  127  11:05  Dark Templar  
  127  11:07  Probe  
  128  11:15  Phoenix  
  130  11:19  Probe  
  131  11:26  Phoenix  
  80  11:54  Tempest x2  
  82  12:02  Zealot x2  
  86  12:10  Probe  
  86  12:12  Gateway  
  87  12:16  Photon Cannon  
  87  12:18  Photon Cannon  
  87  12:19  Photon Cannon  
  87  12:22  Probe, Photon Cannon  
  88  12:24  Pylon  
  88  12:26  Nexus  
  88  12:27  Pylon  
  88  12:29  Zealot  
  92  12:30  Shield Battery  
  92  12:36  Stargate  
Tags
 
Add a new tag
Caveats
  • Supply blocks, unpowered buildings, or Contaminate may cause inaccurate times.
  • Supply counts are checked every 10 seconds.